[Event "Titled Tuesday Blitz June 21 Late 2022"]
[White "Nazari, Arad"]
[Black "Onslow, Alfie"]
[WhiteFideId "12577324"]
[BlackFideId "436976"]
[WhiteElo "2129"]
[BlackElo "1885"]
[Result "1-0"]
[Round "01"]
[TimeControl "180+1"]
[Date "2022.06.22"]
[WhiteClock "0:01:36"]
[BlackClock "0:00:12"]

1. e4 c5 2. Nf3 Nc6 3. Bb5 g6 4. Bxc6 dxc6 5. O-O Bg7 6. h3 e5 7. d3 Ne7 8. Be3 O-O 9. Bxc5 b6 10. Be3 c5 11. Qd2 Nc6 12. Bh6 Nd4 13. Nxd4 cxd4 14. Bxg7 Kxg7 15. c4 dxc3 16. Nxc3 Be6 17. Rfd1 Qd4 18. Ne2 Qd7 19. d4 exd4 20. Qxd4+ Qxd4 21. Nxd4 Bc4 22. b3 Ba6 23. Rac1 Rfe8 24. f3 Rac8 25. Kf2 h5 26. h4 Kf6 27. Nc6 Rc7 28. Nb4 Rxc1 29. Rxc1 Bb5 30. Rc7 Rd8 31. Nd5+ Kg7 32. Ke3 a5 33. Kd4 a4 34. Rb7 axb3 35. axb3 Bf1 36. g3 b5 37. b4 Bc4 38. f4 Kf8 39. Kc5 Re8 40. e5 Rc8+ 41. Rc7 Rd8 42. Nb6 Bf1 43. Nd7+ Kg7 44. e6 fxe6 45. Ne5+ Kg8 46. Nxg6 Rd5+ 47. Kb6 Rd4 48. Ka5 Rd3 49. Rc1 Be2 50. Rg1 Ra3+ 51. Kb6 Rb3 52. Ne7+ Kf7 53. Nc6 Bc4 54. Ne5+ Kf6 55. Nxc4 bxc4 56. Kc5 c3 57. Kc4 Ra3 58. Rc1 c2 59. Rxc2 Rxg3 60. b5 Rg4 61. b6 Rxf4+ 62. Kc5 Ke7 63. b7 Rf8 64. Kb6 Kd7 65. Ka7 Rf1 66. b8=Q Ra1+ 67. Kb7 Rb1+ 68. Ka8 Ra1+ 69. Qa7+ Rxa7+ 70. Kxa7 Kd6 71. Kb6 Kd5 72. Rc5+ Kd4 73. Rxh5 e5 74. Rh8 e4 75. Re8 e3 76. h5 e2 77. Rxe2 Kd3 78. Re8 1-0


[Site "https://www.chess.com"]

[Event "Titled Tuesday Blitz June 21 Late 2022"]
[White "Needleman, Alejandro"]
[Black "Hnydiuk, Aleksander"]
[WhiteFideId "100730"]
[BlackFideId "1109057"]
[WhiteElo "2312"]
[BlackElo "2374"]
[Result "0-1"]
[Round "01"]
[TimeControl "180+1"]
[Date "2022.06.22"]
[WhiteClock "0:01:50"]
[BlackClock "0:01:20"]

1. e4 c5 2. Nf3 e6 3. b4 cxb4 4. d4 Nf6 5. Bd3 d5 6. e5 Ne4 7. O-O Be7 8. Qe1 O-O 9. Bxe4 dxe4 10. Qxe4 Qd5 11. Nbd2 b6 12. a3 Qxe4 13. Nxe4 Bb7 14. Re1 Nc6 15. axb4 Nxb4 16. Ba3 Rfc8 17. c3 Nc2 18. Bxe7 Bxe4 19. Rxe4 Nxa1 20. Rg4 Rxc3 21. h4 Nb3 22. Ng5 Re8 23. Ne4 Rc1+ 24. Kh2 Rxe7 0-1


[Site "https://www.chess.com"]

[Event "Titled Tuesday Blitz June 21 Late 2022"]
[White "Nilsen, Tobias Lang"]
[Black "Tanenbaum, Zachary"]
[WhiteFideId "1521624"]
[BlackFideId "2060850"]
[WhiteElo "2014"]
[BlackElo "2175"]
[Result "0-1"]
[Round "01"]
[TimeControl "180+1"]
[Date "2022.06.22"]
[WhiteClock "0:00:12"]
[BlackClock "0:00:13"]

1. f4 d5 2. Nf3 Nf6 3. g3 c5 4. Bg2 Nc6 5. O-O Bf5 6. d3 e6 7. Nc3 Be7 8. Qe1 d4 9. e4 dxe3 10. Bxe3 O-O 11. Kh1 Nd5 12. Bd2 Rc8 13. Ne4 Ncb4 14. Qd1 Nf6 15. a3 Nc6 16. Qe2 Nd4 17. Nxd4 cxd4 18. Bb4 Bxb4 19. axb4 Nd5 20. Rxa7 Qb6 21. Raa1 Ne3 22. Rfc1 Qxb4 23. Bf3 Qxb2 24. Rab1 Qa3 25. g4 Bxe4 26. Bxe4 Qd6 27. Qf3 b6 28. c4 f5 29. gxf5 Nxf5 30. Rg1 Ne3 31. Qh5 Nf5 32. Rg5 Qxf4 33. Rbg1 Rc7 34. R5g4 Qd6 35. Rh4 g6 36. Rhg4 Rg7 37. Qh3 Ne3 38. Rh4 Rf2 39. Qg3 Qxg3 40. hxg3 Rgf7 41. Rb1 Rf1+ 42. Rxf1 Rxf1+ 43. Kh2 Rf2+ 44. Kg1 Rd2 45. Rf4 Nf5 46. Bxf5 gxf5 47. Rxd4 e5 48. Rd5 Kg7 49. Kf1 Kf6 50. Ke1 Rg2 51. Rd6+ Kg5 52. Rxb6 Rxg3 53. Rd6 h5 54. c5 h4 55. c6 h3 56. Rd8 Kf4 57. Rh8 Rg6 58. c7 h2 59. Rxh2 Rc6 60. Rh7 Ke3 61. Kf1 f4 62. Re7 Kd4 63. Kf2 Kd5 64. Kf3 Kd6 65. Rh7 Rxc7 66. Rh6+ Kd5 67. Ra6 Rc3 68. Ke2 Rc5 69. Ra4 Rb5 70. Re4 Ke6 71. Kf3 Kf5 72. Re2 Rb3 73. Rd2 Rxd3+ 74. Rxd3 e4+ 75. Ke2 exd3+ 76. Kxd3 Kg4 77. Ke2 Kg3 78. Ke1 Kg2 79. Ke2 f3+ 80. Ke3 f2 81. Kd4 f1=Q 82. Ke5 Qf3 83. Ke6 Qf4 84. Kd5 Kf3 85. Ke6 Qe4+ 86. Kf6 Qd5 87. Kg6 Kf4 88. Kf6 Qd6+ 89. Kf7 Kg5 90. Kg7 Qd7+ 91. Kf8 Kg6 92. Kg8 Qd8# 0-1


[Site "https://www.chess.com"]

[Event "Titled Tuesday Blitz June 21 Late 2022"]
[White "Nilsson, Joakim"]
[Black "Sargsyan, Anna M."]
[WhiteFideId "1723383"]
[BlackFideId "13308130"]
[WhiteElo "2210"]
[BlackElo "2271"]
[Result "0-1"]
[Round "01"]
[TimeControl "180+1"]
[Date "2022.06.22"]
[WhiteClock "0:00:15"]
[BlackClock "0:00:08"]

1. Nf3 d5 2. b3 Nf6 3. Bb2 Bf5 4. g3 e6 5. Bg2 Be7 6. O-O O-O 7. d3 h6 8. Nbd2 c6 9. Ne5 Nbd7 10. Nxd7 Qxd7 11. Nf3 c5 12. Ne5 Qc7 13. Qe1 d4 14. Nf3 Rac8 15. c3 dxc3 16. Qxc3 Rfd8 17. Rac1 Qb6 18. Ne5 Ne8 19. Nc4 Qa6 20. Ne3 Bg6 21. Qc2 b5 22. a3 Bf6 23. Bxf6 Nxf6 24. Qb2 Qd6 25. Rc2 Rc7 26. Rfc1 Rdc8 27. a4 a6 28. Qa2 Nd7 29. Qa3 Qb6 30. Qa1 f6 31. Nd1 Bf7 32. Nc3 f5 33. Nd1 e5 34. Ne3 Bxb3 35. Nd5 Bxd5 36. Bxd5+ Kh8 37. a5 Qd6 38. e4 Nf6 39. Qa2 c4 40. dxc4 fxe4 41. Rd2 bxc4 42. Bxc4 Qe7 43. Rdc2 e3 44. fxe3 Ng4 45. Qb3 Qc5 46. Rc3 Qf8 47. R3c2 Qf3 48. Rf1 Qxe3+ 49. Kg2 Qxb3 50. Bxb3 Rxc2+ 51. Bxc2 Rxc2+ 52. Kh3 h5 53. Rf8+ Kh7 54. Rh8+ Kxh8 55. Kh4 Nxh2 56. Kg5 Ra2 57. Kg6 Rxa5 58. g4 hxg4 59. Kh5 g3 60. Kg6 g2 61. Kh5 g1=Q 62. Kh4 Qg4# 0-1


[Site "https://www.chess.com"]

[Event "Titled Tuesday Blitz June 21 Late 2022"]
[White "Oro, Luis"]
[Black "Maltsevskaya, Aleksandra"]
[WhiteFideId "104094"]
[BlackFideId "24174041"]
[WhiteElo "2360"]
[BlackElo "2243"]
[Result "0-1"]
[Round "01"]
[TimeControl "180+1"]
[Date "2022.06.22"]
[WhiteClock "0:00:03"]
[BlackClock "0:00:33"]

1. e4 c5 2. Nf3 e6 3. d4 cxd4 4. Nxd4 Nc6 5. c4 Nf6 6. Nc3 Bb4 7. Qd3 O-O 8. Be2 d5 9. Nxc6 bxc6 10. exd5 exd5 11. O-O Ba6 12. Qf3 d4 13. Qxc6 Qa5 14. Ne4 Nxe4 15. Qxe4 Rfe8 16. Qd3 Rac8 17. b3 Bc3 18. Rb1 Qxa2 19. Bf3 Rb8 20. Bd1 Qa5 21. Bf4 Rbd8 22. Bc2 g6 23. h4 Bb7 24. Bg5 Be4 25. Qd1 d3 26. Bxd8 Qxd8 27. Bxd3 Bxd3 28. Qf3 Bxb1 29. Qxc3 Bf5 30. Ra1 Qxh4 31. Rxa7 Rd8 32. Ra1 h5 33. Re1 Qg5 34. c5 h4 35. c6 h3 36. g3 Rc8 37. c7 Be6 38. Qc6 Bd5 39. Re8+ Kh7 40. Rxc8 h2+ 41. Kf1 h1=Q+ 42. Ke2 Qf3+ 43. Ke1 Qe5+ 44. Kd2 Qee2+ 45. Kc1 Qh1# 0-1


[Site "https://www.chess.com"]

[Event "Titled Tuesday Blitz June 21 Late 2022"]
[White "Pakleza, Zbigniew"]
[Black "Vrbljanac, Aleksandar"]
[WhiteFideId "1119290"]
[BlackFideId "932817"]
[WhiteElo "2825"]
[BlackElo "2462"]
[Result "1-0"]
[Round "01"]
[TimeControl "180+1"]
[Date "2022.06.22"]
[WhiteClock "0:00:29"]
[BlackClock "0:00:05"]

1. d4 d5 2. Bf4 Nf6 3. e3 c5 4. c3 Nc6 5. Nd2 Qb6 6. Qb3 c4 7. Qc2 Bg4 8. Be2 Bxe2 9. Nxe2 e6 10. O-O Be7 11. b3 cxb3 12. axb3 O-O 13. b4 Rac8 14. Qa4 a6 15. Nb3 Ne4 16. Nc5 Bxc5 17. bxc5 Qd8 18. Rfb1 Qd7 19. h3 f6 20. Bh2 Nd2 21. Rd1 Nc4 22. Qb3 Qf7 23. Nf4 g5 24. Nd3 Rfd8 25. Rab1 Rd7 26. Qa2 h5 27. Nb4 Nxb4 28. Rxb4 g4 29. h4 Qg7 30. Rdb1 f5 31. Bf4 Qe7 32. g3 Kg7 33. Kg2 Qf7 34. Qa4 Kg8 35. Qa2 Kg7 36. Re1 Rc6 37. Rxc4 dxc4 38. Qxc4 Rd5 39. e4 fxe4 40. Rxe4 Qf5 41. Qe2 Kf7 42. Bd6 a5 43. Rf4 Ra6 44. Rxf5+ exf5 45. Qe7+ Kg6 46. Qe6+ 1-0


[Site "https://www.chess.com"]

[Event "Titled Tuesday Blitz June 21 Late 2022"]
[White "Pappelis, Dimitrios"]
[Black "Ambartsumova, Karina"]
[WhiteFideId "4215281"]
[BlackFideId "4166299"]
[WhiteElo "1998"]
[BlackElo "2262"]
[Result "0-1"]
[Round "01"]
[TimeControl "180+1"]
[Date "2022.06.22"]
[WhiteClock "0:00:03"]
[BlackClock "0:00:12"]

1. e4 c5 2. Nf3 e6 3. c3 d5 4. exd5 exd5 5. d4 Nc6 6. Bd3 Bd6 7. O-O Nge7 8. h3 O-O 9. Re1 Nf5 10. Bc2 g6 11. Bg5 Qc7 12. dxc5 Bxc5 13. Nbd2 Qb6 14. Re2 Ng3 15. b4 Nxe2+ 16. Qxe2 Bd6 17. Bb3 Be6 18. b5 Na5 19. Nd4 Nxb3 20. axb3 Rfe8 21. Qf3 Bf8 22. Bf6 Bg7 23. Bxg7 Kxg7 24. h4 h5 25. Qf4 Bd7 26. N2f3 Re4 27. Qg5 Qd6 28. Rd1 Rae8 29. g3 Rg4 30. Qd2 a6 31. c4 axb5 32. cxd5 b4 33. Qb2 Kg8 34. Ng5 Qf6 35. Qd2 Re5 36. Nc2 Bb5 37. Ne3 Kg7 38. Nxg4 hxg4 39. d6 Re2 40. Qd4 Re1+ 41. Kh2 Qxd4 42. Rxd4 Bc6 43. f3 gxf3 44. Nxf3 Bxf3 45. g4 Re8 46. d7 Rd8 47. Kg3 Bc6 48. Kf4 Rxd7 49. Rxb4 f6 50. h5 g5+ 51. Kg3 Re7 52. Rd4 Re3+ 53. Kf2 Rxb3 54. Rd8 Rf3+ 55. Ke2 Rf4 0-1


[Site "https://www.chess.com"]

[Event "Titled Tuesday Blitz June 21 Late 2022"]
[White "Paravyan, David"]
[Black "Wagner, Dinara"]
[WhiteFideId "4194985"]
[BlackFideId "24157570"]
[WhiteElo "2569"]
[BlackElo "2216"]
[Result "0-1"]
[Round "01"]
[TimeControl "180+1"]
[Date "2022.06.21"]
[WhiteClock "0:00:02"]
[BlackClock "0:00:06"]

1. e4 c5 2. Nf3 d6 3. d4 cxd4 4. Nxd4 Nf6 5. Nc3 a6 6. Bg5 e6 7. f4 Nbd7 8. Qf3 Qc7 9. O-O-O b5 10. Bd3 Bb7 11. Rhe1 Be7 12. Qg3 b4 13. Nd5 exd5 14. exd5 Kd8 15. Nc6+ Bxc6 16. dxc6 Nc5 17. Bc4 Nce4 18. Qe3 Nxg5 19. fxg5 Ne8 20. Rf1 Rf8 21. Bxf7 Qa5 22. h4 Nc7 23. Rde1 Qe5 24. Qd3 Qc5 25. Qe4 d5 26. Qxh7 Nb5 27. Qxg7 Nd4 28. Bg6 Rxf1 29. Rxf1 Kc7 30. Bd3 Re8 31. Qe5+ Kb6 32. Kb1 a5 33. g6 Nxc6 34. Qe6 a4 35. g7 a3 36. Qg4 axb2 37. g8=Q Rxg8 38. Qxg8 Qd4 39. Qe6 b3 40. axb3 Qc5 41. Kxb2 Qd4+ 42. Kb1 Ba3 43. c3 Qxd3+ 44. Ka2 Qxf1 45. b4 Qc1 46. Qe2 Qxc3 47. Qf2+ Kb5 48. h5 Nxb4+ 49. Kb1 Qd3+ 50. Ka1 Qc3+ 51. Kb1 Qb3+ 52. Ka1 Nc2+ 53. Qxc2 Qxc2 0-1


[Site "https://www.chess.com"]

[Event "Titled Tuesday Blitz June 21 Late 2022"]
[White "Petrovic, Aleksa"]
[Black "Drygalov, Sergey"]
[WhiteFideId "967629"]
[BlackFideId "24171743"]
[WhiteElo "2464"]
[BlackElo "2830"]
[Result "1/2-1/2"]
[Round "01"]
[TimeControl "180+1"]
[Date "2022.06.22"]
[WhiteClock "0:00:11"]
[BlackClock "0:00:05"]

1. d4 Nf6 2. c4 e6 3. Nc3 Bb4 4. Qc2 d5 5. cxd5 exd5 6. Bg5 h6 7. Bxf6 Qxf6 8. a3 Bxc3+ 9. Qxc3 c6 10. e3 O-O 11. Nf3 Nd7 12. Bd3 Qd6 13. O-O a5 14. b4 Re8 15. b5 Nb6 16. bxc6 bxc6 17. Rfc1 Bd7 18. Rab1 Reb8 19. Ne5 Be8 20. Qc5 Qxc5 21. Rxc5 Na4 22. Rxb8 Rxb8 23. Rxa5 Nc3 24. h3 f6 25. Ng6 Nd1 26. Bc2 Rb2 27. Rc5 Ra2 28. Ne7+ Kf8 29. Nxc6 Nb2 30. Nb4 Rxa3 31. Nxd5 Bd7 32. Nf4 g5 33. Ng6+ Kf7 34. Rc7 Ke8 35. Nf8 Ra1+ 36. Kh2 Kxf8 37. Rxd7 Nc4 38. Bg6 Nd2 39. Rf7+ Kg8 40. Kg3 Ra6 41. Kg4 f5+ 42. Kh5 Ne4 43. Kxh6 Nf6 44. Rb7 Kf8 45. Kxg5 Ne4+ 46. Kf4 Nxf2 47. Bxf5 Nd1 48. Rb1 Nc3 49. Re1 Ra2 50. g4 Rf2+ 51. Kg5 Nd5 52. e4 Nf4 53. Kf6 Ra2 54. e5 Nd5+ 55. Kg5 Kg7 56. Be4 Nc7 57. d5 Ra5 58. Rd1 Kf7 59. e6+ Nxe6+ 60. Kh4 Nc5 61. Bf5 Ke7 62. d6+ Kd8 63. d7 Ra3 64. Re1 Kc7 65. Re8 Nb7 66. Rc8+ Kd6 67. d8=Q+ Nxd8 68. Rxd8+ Ke7 69. Rg8 Kf7 70. Rg5 Kf6 71. Rh5 Kg7 72. Rg5+ Kf6 73. Rg6+ Kf7 74. Kg5 Rxh3 75. Ra6 Rc3 76. Ra7+ Ke8 77. Kf6 Kd8 78. g5 Rc6+ 79. Be6 Rc1 80. Ra8+ Kc7 81. Rc8+ Kd6 82. Rxc1 1/2-1/2


[Site "https://www.chess.com"]

[Event "Titled Tuesday Blitz June 21 Late 2022"]
[White "Postnikov, Daniil"]
[Black "Svane, Rasmus"]
[WhiteFideId "4166329"]
[BlackFideId "4657101"]
[WhiteElo "2261"]
[BlackElo "2674"]
[Result "0-1"]
[Round "01"]
[TimeControl "180+1"]
[Date "2022.06.21"]
[WhiteClock "0:00:02"]
[BlackClock "0:00:27"]

1. e4 c6 2. d4 d5 3. e5 Bf5 4. Nf3 e6 5. Be2 Ne7 6. O-O Ng6 7. Nbd2 Nf4 8. Nb3 Nxe2+ 9. Qxe2 Be7 10. Ne1 h5 11. Nd3 Nd7 12. Be3 Rc8 13. a4 b6 14. a5 c5 15. Nf4 c4 16. Nc1 Bg4 17. f3 Bf5 18. Qd2 b5 19. Nce2 h4 20. g4 hxg3 21. hxg3 g5 22. Ng2 Nf8 23. g4 Bg6 24. Kf2 b4 25. Rh1 Rxh1 26. Rxh1 c3 27. bxc3 bxc3 28. Qc1 Rb8 29. Nxc3 Rc8 30. Bd2 Bb4 31. Qb2 Qxa5 32. Ne3 Bxc3 33. Bxc3 Qxc3 34. Qb7 Qc7 35. Qb4 Qb6 36. Qa4+ Qc6 37. Qa3 Nh7 38. Qxa7 Kf8 39. Qa3+ Kg7 40. Qc1 Qc3 41. Qg1 Qxd4 42. Qh2 Rxc2+ 43. Kg3 Qf4+ 0-1


[Site "https://www.chess.com"]

[Event "Titled Tuesday Blitz June 21 Late 2022"]
[White "Prieto Aranguren, Alain"]
[Black "Taichman, Ori"]
[WhiteFideId "2268906"]
[BlackFideId "2804069"]
[WhiteElo "2224"]
[BlackElo "2227"]
[Result "1-0"]
[Round "01"]
[TimeControl "180+1"]
[Date "2022.06.22"]
[WhiteClock "0:00:04"]
[BlackClock "0:00:06"]

1. d4 Nf6 2. c4 g6 3. Nc3 Bg7 4. e4 O-O 5. Be2 d6 6. Bg5 Qe8 7. Nf3 e5 8. d5 Na6 9. Nd2 Nd7 10. O-O f5 11. f3 f4 12. a3 Bf6 13. Bh6 Bg7 14. Bg5 h6 15. Bh4 g5 16. Bf2 h5 17. b4 Qg6 18. Nb3 Nf6 19. c5 g4 20. Bh4 Nh7 21. b5 Nxc5 22. Nxc5 dxc5 23. Be7 Rf7 24. Bxc5 g3 25. h3 Qf6 26. d6 Qh4 27. Bc4 Bxh3 28. Bxf7+ Kxf7 29. gxh3 Qxh3 30. Qd5+ Kg6 31. Ra2 Rd8 32. Qxb7 cxd6 33. Bxa7 Kh6 34. Nd5 Rg8 35. Qf7 Rf8 36. Qe7 Bf6 37. Nxf6 Rxf6 38. b6 Rg6 39. Rg2 Ng5 40. Qf8+ Kh7 41. b7 Qh4 42. Rb1 Nh3+ 43. Kf1 Ng5 44. b8=Q Qh1+ 45. Bg1 Rg7 46. Qh8+ Kg6 47. Qbe8+ Nf7 48. Qef8 Nxh8 49. Qxh8 h4 50. Rb6 h3 51. Rxd6+ Kf7 52. Qh5+ Ke7 53. Qxe5+ Kf8 54. Qf6+ Ke8 55. Rd8# 1-0


[Site "https://www.chess.com"]

[Event "Titled Tuesday Blitz June 21 Late 2022"]
[White "Przybylski, Wojciech"]
[Black "Roque Sola, Jose Luis"]
[WhiteFideId "1117599"]
[BlackFideId "5120390"]
[WhiteElo "2133"]
[BlackElo "1983"]
[Result "1-0"]
[Round "01"]
[TimeControl "180+1"]
[Date "2022.06.22"]
[WhiteClock "0:00:29"]
[BlackClock "0:00:51"]

1. d4 Nf6 2. g3 e6 3. Bg2 c5 4. e3 Nc6 5. Ne2 b6 6. O-O Bb7 7. c3 Be7 8. a3 O-O 9. b4 cxd4 10. exd4 Qc7 11. Bf4 d6 12. c4 e5 13. Be3 Nxd4 14. Nxd4 exd4 15. Bxb7 Qxb7 16. Bxd4 d5 17. c5 bxc5 18. bxc5 Ne4 19. Qg4 Bf6 20. Bxf6 Nxf6 21. Qd4 Rac8 22. Nd2 Rc6 23. Rfc1 Rfc8 24. Rc2 Qe7 25. Rac1 h6 26. Nb3 Re6 27. Qb4 Re8 28. c6 Ne4 29. c7 Qxb4 30. axb4 Rc8 31. Nd4 Re7 32. Nb5 a6 33. Na7 Nd6 34. Nxc8 Nxc8 35. Rc6 d4 36. Rd1 Rd7 37. Kg2 d3 38. Kf3 Kf8 39. Ke3 1-0


[Site "https://www.chess.com"]

[Event "Titled Tuesday Blitz June 21 Late 2022"]
[White "Pulpan, Jakub"]
[Black "Sturt, Raven"]
[WhiteFideId "302759"]
[BlackFideId "2007304"]
[WhiteElo "2495"]
[BlackElo "2398"]
[Result "1-0"]
[Round "01"]
[TimeControl "180+1"]
[Date "2022.06.22"]
[WhiteClock "0:01:09"]
[BlackClock "0:02:14"]

1. Nf3 d5 2. b3 Nf6 3. Bb2 Bf5 4. e3 e6 5. Be2 Nbd7 6. O-O h6 7. d4 c6 8. Nbd2 Bd6 9. c4 O-O 10. Re1 Qe7 11. h3 Ba3 12. Qc1 Bxb2 13. Qxb2 Rfe8 14. a3 Bh7 15. Bf1 a5 16. b4 axb4 17. axb4 Ne4 18. Nxe4 Bxe4 19. Nd2 Bh7 20. b5 dxc4 21. Nxc4 c5 22. dxc5 Nxc5 23. Qb4 Kf8 24. Nb6 Rxa1 25. Rxa1 Nd3 26. Nd7+ Kg8 27. Qxe7 Rxe7 28. Ra8+ Re8 29. Rxe8# 1-0


[Site "https://www.chess.com"]

[Event "Titled Tuesday Blitz June 21 Late 2022"]
[White "Riehle, Marco"]
[Black "Titichoca Daza, Daniel"]
[WhiteFideId "12904392"]
[BlackFideId "3309550"]
[WhiteElo "2462"]
[BlackElo "1912"]
[Result "1-0"]
[Round "01"]
[TimeControl "180+1"]
[Date "2022.06.21"]
[WhiteClock "0:00:57"]
[BlackClock "0:00:10"]

1. e4 e5 2. Nf3 Nc6 3. Bc4 Nf6 4. d4 exd4 5. O-O Nxe4 6. Nc3 Nxc3 7. bxc3 d5 8. Bd3 Be7 9. Re1 O-O 10. cxd4 Nb4 11. Ne5 Nxd3 12. Qxd3 f6 13. Nf3 Bd6 14. c4 dxc4 15. Qxc4+ Kh8 16. h3 Bd7 17. Bd2 Bc6 18. Re3 Re8 19. Rxe8+ Qxe8 20. Re1 Qh5 21. Nh2 Qg6 22. d5 Bd7 23. Kh1 Re8 24. Rxe8+ Qxe8 25. g3 Bxh3 26. Nf3 Bd7 27. Kg2 h6 28. Bf4 Qe7 29. Nh4 Kg8 30. Ng6 Qe8 31. Bxd6 cxd6 32. Nf4 Bf5 33. Qc7 Qe5 34. Qxb7 Be4+ 35. f3 Bf5 36. Qb3 g5 37. Nd3 Qe2+ 38. Nf2 h5 39. Qb8+ Kg7 40. Qxd6 g4 41. Qf4 Kg6 42. fxg4 hxg4 43. d6 Bd7 44. Qe4+ Qxe4+ 45. Nxe4 Bc6 46. Kf2 Kf5 47. Nc5 Ke5 48. d7 Bxd7 49. Nxd7+ Kd4 50. Nxf6 Kc3 51. Nxg4 Kb2 52. Ne3 Kxa2 53. g4 Kb3 54. g5 a5 55. g6 a4 56. g7 a3 57. g8=Q+ Kb2 58. Nc4+ Kc1 59. Qg5+ Kd1 60. Qd2# 1-0


[Site "https://www.chess.com"]

[Event "Titled Tuesday Blitz June 21 Late 2022"]
[White "Roberson, Peter T"]
[Black "Shimanov, Aleksandr"]
[WhiteFideId "412384"]
[BlackFideId "4198603"]
[WhiteElo "2346"]
[BlackElo "2605"]
[Result "1-0"]
[Round "01"]
[TimeControl "180+1"]
[Date "2022.06.21"]
[WhiteClock "0:00:08"]
[BlackClock "0:00:07"]

1. e4 e6 2. d4 d5 3. Nd2 c5 4. Ngf3 cxd4 5. Nxd4 Nf6 6. exd5 Nxd5 7. N2f3 Bb4+ 8. c3 Nxc3 9. bxc3 Bxc3+ 10. Bd2 Bxd4 11. Nxd4 Qxd4 12. Rc1 O-O 13. Be2 Nc6 14. O-O e5 15. Rc4 Qd8 16. Bf3 Be6 17. Rc5 Qd6 18. Qc1 Nd4 19. Bd1 Rac8 20. Bb4 Rxc5 21. Bxc5 Qc7 22. Qa3 Rd8 23. Qxa7 Nb5 24. Bb6 Qc6 25. Qa5 Rc8 26. Ba4 Bc4 27. Rc1 h6 28. h3 Rf8 29. Qb4 Qxb6 30. Rxc4 Qa6 31. Qxb5 Qd6 32. Bb3 Kh8 33. Qxb7 Qd2 34. Rc8 Rxc8 35. Qxc8+ Kh7 36. Qf5+ Kh8 37. Qxf7 Qc1+ 38. Kh2 Qc8 39. a4 Qb8 40. g3 e4 41. Qe6 e3 42. Qxe3 g5 43. Qd4+ Kh7 44. Qe4+ Kg7 45. Qe6 Qa7 46. Kg2 Qb7+ 47. Bd5 Qa7 48. a5 Kf8 49. a6 h5 50. Qf7+ Qxf7 51. Bxf7 Kxf7 52. a7 g4 53. a8=Q gxh3+ 54. Kxh3 h4 55. Qc6 Kg7 56. Kxh4 Kh7 57. f4 Kg7 58. Kg5 1-0


[Site "https://www.chess.com"]

[Event "Titled Tuesday Blitz June 21 Late 2022"]
[White "Roman, Rodrigo"]
[Black "Yuan, Qingyu"]
[WhiteFideId "3701220"]
[BlackFideId "8609772"]
[WhiteElo "2439"]
[BlackElo "2755"]
[Result "0-1"]
[Round "01"]
[TimeControl "180+1"]
[Date "2022.06.22"]
[WhiteClock "0:00:02"]
[BlackClock "0:00:06"]

1. e4 c6 2. Nf3 d5 3. exd5 cxd5 4. d4 Nc6 5. c3 Bf5 6. Bd3 Bxd3 7. Qxd3 Nf6 8. Bf4 e6 9. O-O Bd6 10. Bg3 O-O 11. Nbd2 Bxg3 12. hxg3 Qc7 13. Rfe1 Rab8 14. a4 a6 15. b4 Rfc8 16. Nb3 a5 17. Qb5 Na7 18. Qc5 b6 19. Qxc7 Rxc7 20. Rac1 Nc6 21. b5 Ne7 22. Nfd2 Rbc8 23. Re3 Nf5 24. Rd3 Kf8 25. Kf1 Nd6 26. f3 Nc4 27. Ke2 Nb2 28. g4 Rc4 29. Nxc4 Nxd3 30. Nxb6 Nxc1+ 31. Nxc1 Rxc3 32. Kd2 Rc7 33. Nb3 Ra7 34. Nc5 Ke8 35. g5 Ng8 36. Nc8 Ra8 37. Nd6+ Ke7 38. Ndb7 f6 39. f4 h6 40. gxh6 Nxh6 41. Nb3 Nf5 42. Kd3 Nd6 43. N7xa5 Nc4 44. Nc6+ Kd6 45. a5 e5 46. fxe5+ fxe5 47. dxe5+ Nxe5+ 48. Nxe5 Kxe5 49. b6 Kd6 50. a6 Rxa6 51. Nd4 Rxb6 52. Nf5+ Ke5 53. Nxg7 Rg6 54. Ne8 Rxg2 55. Nc7 Rg3+ 56. Kd2 d4 57. Nb5 Ke4 58. Nd6+ Kd5 59. Nf5 Rh3 60. Ne7+ Ke4 61. Ng6 Rh2+ 62. Kd1 Ke3 63. Ne5 Ra2 64. Nc4+ Kd3 65. Ne5+ Kc3 66. Nf3 d3 0-1


[Site "https://www.chess.com"]

[Event "Titled Tuesday Blitz June 21 Late 2022"]
[White "Romero Ruscalleda, Josep"]
[Black "Tarigan, Gilbert Elroy"]
[WhiteFideId "2231859"]
[BlackFideId "7108133"]
[WhiteElo "2379"]
[BlackElo "1908"]
[Result "0-1"]
[Round "01"]
[TimeControl "180+1"]
[Date "2022.06.22"]
[WhiteClock "0:00:16"]
[BlackClock "0:00:20"]

1. e4 c5 2. c3 d5 3. exd5 Qxd5 4. d4 Nf6 5. Nf3 Bg4 6. dxc5 Qxd1+ 7. Kxd1 Bxf3+ 8. gxf3 Nc6 9. Be3 O-O-O+ 10. Nd2 Nd5 11. Kc2 a5 12. Bc4 e6 13. Bxd5 Rxd5 14. Ne4 Ne5 15. f4 Nc4 16. Bd4 Rf5 17. b3 Rxf4 18. Kd3 Na3 19. Rac1 Nb5 20. Ke3 Rh4 21. Be5 f6 22. Bg3 Rh5 23. c4 Nc7 24. Nd6+ Bxd6 25. cxd6 Na6 26. Rhd1 Kd7 27. a3 Rc8 28. f3 Rc6 29. Rc3 Rb6 30. Ke2 Nc5 31. Rb1 e5 32. b4 Na4 33. Rd3 Rxd6 34. Rxd6+ Kxd6 35. bxa5 Nc3+ 36. Kd3 Nxb1 0-1


[Site "https://www.chess.com"]

[Event "Titled Tuesday Blitz June 21 Late 2022"]
[White "Roque Sola, Gisela"]
[Black "Florescu, Codrut-Constantin"]
[WhiteFideId "5120241"]
[BlackFideId "1202200"]
[WhiteElo "1863"]
[BlackElo "2191"]
[Result "0-1"]
[Round "01"]
[TimeControl "180+1"]
[Date "2022.06.22"]
[WhiteClock "0:00:10"]
[BlackClock "0:00:16"]

1. e4 c5 2. Nf3 e6 3. d4 cxd4 4. Nxd4 a6 5. Nc3 Qc7 6. Bd3 Nf6 7. O-O Bd6 8. h3 Nc6 9. Nxc6 dxc6 10. Qe2 e5 11. Bg5 Nd7 12. Bc4 b5 13. Bb3 Nc5 14. Rad1 O-O 15. Be3 Ne6 16. Rd2 Bb4 17. Rfd1 Ba5 18. Qh5 g6 19. Qh4 Bb6 20. Bh6 Re8 21. Bxe6 fxe6 22. Qf6 Qf7 23. Bg5 Qxf6 24. Bxf6 Bd4 25. Ne2 Bxb2 26. c3 Ba3 27. Bxe5 Bf8 28. Rd8 Rxd8 29. Rxd8 Kf7 30. Nd4 c5 31. Nc6 b4 32. cxb4 cxb4 33. Nb8 Bb7 34. Rd7+ Ke8 35. Rxb7 a5 36. Nc6 a4 37. Nxb4 Rc8 38. Rb8 Rxb8 39. Bxb8 Kd7 40. Nc2 Bc5 41. Be5 Kc6 42. Kf1 Kb5 43. Ke2 Kc4 44. f3 Be7 45. f4 Bh4 46. g4 Bg3 47. Bd6 Kc3 48. Ne3 Kb2 49. Nc4+ Kxa2 50. Kf3 Be1 51. f5 exf5 52. exf5 gxf5 53. g5 Kb3 54. Ne3 Bb4 55. Be5 a3 56. Nd5 Bc5 57. Kf4 a2 58. Kxf5 Ba3 0-1


[Site "https://www.chess.com"]

[Event "Titled Tuesday Blitz June 21 Late 2022"]
[White "Rosenberg, Evan S"]
[Black "Fishbein, Alexander"]
[WhiteFideId "2019299"]
[BlackFideId "2000377"]
[WhiteElo "2350"]
[BlackElo "2442"]
[Result "0-1"]
[Round "01"]
[TimeControl "180+1"]
[Date "2022.06.22"]
[WhiteClock "0:00:01"]
[BlackClock "0:00:26"]

1. e4 e6 2. d4 d5 3. e5 c5 4. c3 Nc6 5. Nf3 Nh6 6. Bd3 cxd4 7. cxd4 Nf5 8. O-O Nfxd4 9. Nxd4 Nxd4 10. Nc3 Be7 11. Qg4 Nc6 12. Qxg7 Kd7 13. Qxf7 Qe8 14. Qxe8+ Rxe8 15. f4 h5 16. Be2 Rh8 17. f5 exf5 18. Nxd5 Bc5+ 19. Kh1 Nxe5 20. Bf4 Ng4 21. Bb5+ Ke6 22. Nc7+ Kf6 23. Nxa8 Nf2+ 24. Rxf2 Bxf2 25. Nc7 Rd8 26. Rf1 Bb6 27. h4 Rd4 28. Bg5+ Kf7 29. Ne8 a6 30. Be2 Kxe8 31. Bxh5+ Kf8 32. Rc1 Be6 33. Bf3 Rd7 34. h5 Bd4 35. b3 Kg7 36. h6+ Kg6 37. Bf4 Bf6 38. Kh2 Bg5 39. Bxg5 Kxg5 40. Rc8 Rh7 41. Rb8 b5 42. Rb6 Rxh6+ 43. Kg3 f4+ 44. Kf2 Bf5 45. Rxh6 Kxh6 46. Bb7 a5 47. Bc6 b4 48. Kf3 Kg5 0-1


[Site "https://www.chess.com"]

[Event "Titled Tuesday Blitz June 21 Late 2022"]
[White "Rustemov, Alexander"]
[Black "Silvestre, Christian"]
[WhiteFideId "4119002"]
[BlackFideId "30956269"]
[WhiteElo "2721"]
[BlackElo "2413"]
[Result "1-0"]
[Round "01"]
[TimeControl "180+1"]
[Date "2022.06.22"]
[WhiteClock "0:01:13"]
[BlackClock "0:00:03"]

1. d4 Nf6 2. c4 c5 3. d5 e5 4. Nc3 d6 5. e4 Be7 6. h3 O-O 7. Bd3 Nfd7 8. Nf3 Re8 9. Be3 Nf8 10. h4 Nbd7 11. g3 Nf6 12. Nh2 a6 13. a4 Qb6 14. Ra3 Bd8 15. a5 Qc7 16. Kf1 Bh3+ 17. Kg1 Bd7 18. Kg2 Qc8 19. f3 b6 20. axb6 Bxb6 21. b3 Bh3+ 22. Kf2 h5 23. Nf1 Bd7 24. Kg2 Ng6 25. Nd2 Qd8 26. Bg5 Ba5 27. Qc2 Bb4 28. Ra2 a5 29. Rha1 Rb8 30. Nd1 Qb6 31. Ne3 Nh7 32. Nf5 Nxg5 33. hxg5 h4 34. Nxh4 Bxd2 35. Qxd2 Qxb3 36. Nxg6 fxg6 37. Rxa5 Qb2 38. R5a2 Qd4 39. Be2 Rb3 40. Qxd4 exd4 41. Ra7 Rb2 42. R1a2 Reb8 43. Kf1 Bh3+ 44. Ke1 Bg2 45. Rxb2 Rxb2 46. Ra6 d3 47. Bxd3 Bxf3 48. Rxd6 Rb3 49. Kd2 Rb2+ 50. Ke3 Bg4 51. e5 Rb3 52. Kd2 Bf5 53. Bxf5 gxf5 54. e6 Kf8 55. Rd8+ Ke7 56. Rd7+ Ke8 57. Rxg7 Rf3 58. d6 1-0


[Site "https://www.chess.com"]